[Event "Landsturneringen 2015"]
[Site "Oppsal arena, Oslo"]
[Date "2015.07.07"]
[Round "5"]
[White "Mihajlov, Sebastian"]
[Black "Haldorsen, Benjamin"]
[Result "1/2-1/2"]
[WhiteElo "2246"]
[BlackElo "2194"]
[ECO "D02"]
[PlyCount "67"]
[EventDate "2015.??.??"]
[TimeControl "6000+610"]
[WhiteClock "1:01:10"]
[BlackClock "0:30:21"]

1. d4 d5 2. Nf3 Nf6 3. g3 e6 4. Bg2 Be7 5. O-O O-O 6. Nbd2 b6 7. Ne5 c5 8. c3
Bb7 9. Ndf3 Nbd7 10. Bf4 cxd4 11. cxd4 Nxe5 12. Nxe5 Nd7 13. Rc1 Nxe5 14. Bxe5
Bd6 15. Qd2 Bxe5 16. dxe5 Rc8 17. Rxc8 Qxc8 18. Rc1 Qb8 19. f4 Rc8 20. e3 Rxc1+
21. Qxc1 Qc8 22. Qxc8+ Bxc8 23. Kf2 Kf8 24. Ke2 Ba6+ 25. Kd2 Ke7 26. Kc3 g6 27.
Bf3 Bc4 28. a3 a5 29. Kd4 h6 30. h4 Ba6 31. g4 Bf1 32. f5 g5 33. hxg5 hxg5 34.
f6+
1/2-1/2

[Event "Landsturneringen 2015"]
[Site "Oppsal arena, Oslo"]
[Date "2015.07.07"]
[Round "5"]
[White "Nilsen, Martin"]
[Black "Kjøita, Henning Jakhelln"]
[Result "0-1"]
[WhiteElo "2021"]
[BlackElo "2052"]
[ECO "A00"]
[PlyCount "160"]
[EventDate "2015.??.??"]
[TimeControl "6000+805"]
[WhiteClock "0:00:42"]
[BlackClock "0:37:23"]

1. e3 g6 2. c4 Bg7 3. Nc3 c5 4. d4 Nf6 5. Nf3 O-O 6. Bd3 cxd4 7. exd4 d5 8. h3
Nc6 9. O-O Be6 10. c5 Qd7 11. Bf4 Bf5 12. Ne5 Nxe5 13. Bxe5 Bxd3 14. Qxd3 Ne8
15. Bxg7 Nxg7 16. b4 Rad8 17. Rfe1 Rfe8 18. Re5 e6 19. Ree1 a6 20. a4 Qc7 21.
Rad1 Nh5 22. b5 e5 23. bxa6 bxa6 24. Qxa6 e4 25. Qb6 Qf4 26. c6 Qg5 27. Re3 Rc8
28. Qc5 Nf4 29. Rg3 Qf6 30. Nxd5 Ne2+ 31. Kh2 Qxf2 32. Rb3 e3 33. Qd6 Rcd8 34.
Nf6+ Kh8 35. Ng4 Rxd6 36. Nxf2 exf2 37. d5 Rxd5 38. Rf1 Rc5 39. Rxf2 f5 40. g4
Rxc6 41. Rd3 f4 42. g5 Rce6 43. Kg2 Re3 44. Rxe3 Rxe3 45. a5 Ra3 46. a6 f3+ 47.
Rxf3 Rxa6 48. Kf2 Nd4 49. Rc3 Ne6 50. h4 Kg7 51. Rb3 Ra7 52. Kg3 h6 53. Re3 Ra6
54. Re5 hxg5 55. hxg5 Kf7 56. Rb5 Nd4 57. Rb4 Nf5+ 58. Kf4 Ke6 59. Re4+ Kd6 60.
Rb4 Rc6 61. Ra4 Kd5 62. Ra5+ Rc5 63. Ra6 Rc4+ 64. Kf3 Ke5 65. Ra5+ Ke6 66. Ra6+
Nd6 67. Kg3 Rd4 68. Kh3 Kf5 69. Ra5+ Kf4 70. Ra1 Rd3+ 71. Kh2 Kxg5 72. Ra4 Kf5
73. Ra5+ Kf4 74. Ra4+ Ne4 75. Ra8 g5 76. Rf8+ Kg4 77. Kg1 Kg3 78. Rf1 Nc3 79.
Kh1 Rd1 80. Re1 Rxe1#
0-1

[Event "Landsturneringen 2015"]
[Site "Oppsal arena, Oslo"]
[Date "2015.07.08"]
[Round "6"]
[White "Haug, Johannes"]
[Black "Mihajlov, Sebastian"]
[Result "0-1"]
[WhiteElo "2179"]
[BlackElo "2246"]
[ECO "A50"]
[PlyCount "148"]
[EventDate "2015.??.??"]
[TimeControl "6000+985"]
[WhiteClock "0:00:56"]
[BlackClock "0:08:11"]

1. d4 Nf6 2. c4 c6 3. Nc3 d5 4. cxd5 cxd5 5. Bf4 Nc6 6. e3 Bf5 7. Qb3 Na5 8.
Qa4+ Bd7 9. Bb5 Nc6 10. Qd1 e6 11. Rc1 Bb4 12. Nge2 a6 13. Bd3 Nh5 14. Bg3 Nxg3
15. hxg3 Bd6 16. Nf4 Qg5 17. Kf1 b5 18. Bb1 g6 19. Nce2 O-O 20. Nd3 Rfc8 21.
Nc5 Be8 22. Nf4 Ne7 23. Nfd3 Nf5 24. Qf3 h5 25. Ke2 a5 26. Nb7 Bc7 27. Nbc5 b4
28. Nf4 Bd6 29. Nb3 a4 30. Rxc8 Rxc8 31. Nd2 Bb5+ 32. Bd3 Bxd3+ 33. Kxd3 a3 34.
Rb1 axb2 35. Rxb2 Nxd4 36. exd4 Rc3+ 37. Ke2 Rxf3 38. Nxf3 Qd8 39. Nd3 Qc7 40.
Nxb4 Bxb4 41. Rxb4 Qc2+ 42. Nd2 Qxa2 43. Rb3 Qc2 44. Rd3 f6 45. f4 Kf7 46. Re3
Qb2 47. Rd3 g5 48. fxg5 fxg5 49. Kf1 g4 50. Ke2 Ke7 51. Kf2 Qb6 52. Nf1 e5 53.
Ne3 Qb2+ 54. Ke1 Ke6 55. dxe5 d4 56. Nf1 Qb1+ 57. Rd1 Qe4+ 58. Kf2 d3 59. Re1
Qd4+ 60. Re3 d2 61. Nxd2 Qxd2+ 62. Re2 Qd4+ 63. Re3 h4 64. gxh4 g3+ 65. Ke2
Qb2+ 66. Kf3 Qf2+ 67. Ke4 Qxg2+ 68. Kf4 Qf2+ 69. Rf3 Qh2 70. Rxg3 Qxh4+ 71. Kf3
Kxe5 72. Rg1 Qh3+ 73. Rg3 Qf1+ 74. Ke3 Qf4+ {Kd4+}
0-1

[Event "Landsturneringen 2015"]
[Site "Oppsal arena, Oslo"]
[Date "2015.07.09"]
[Round "7"]
[White "Mihajlov, Sebastian"]
[Black "Nilsen, Martin"]
[Result "1-0"]
[WhiteElo "2246"]
[BlackElo "2021"]
[ECO "A84"]
[PlyCount "169"]
[EventDate "2015.??.??"]
[TimeControl "6000+1645"]
[WhiteClock "0:34:44"]
[BlackClock "0:04:40"]

1. d4 e6 2. c4 f5 3. Nc3 Nf6 4. Nf3 Bb4 5. Qb3 Bxc3+ 6. Qxc3 O-O 7. Bf4 d6 8.
e3 Ne4 9. Qc2 Nd7 10. Bd3 Ndf6 11. h3 c5 12. O-O cxd4 13. exd4 b6 14. Rfe1 Bb7
15. Nd2 Rc8 16. f3 Nd5 17. Bh2 Nb4 18. Qb3 Nxd2 19. Qxb4 Qg5 20. Kf2 Qh4+ 21.
Ke2 Ne4 22. Rf1 Ng3+ 23. Bxg3 Qxg3 24. Rf2 Qf4 25. Qc3 e5 26. dxe5 dxe5 27. Qd2
Qd4 28. Qc3 Qxc3 29. bxc3 Ba6 30. g4 Bxc4 31. Rd1 Bxd3+ 32. Rxd3 Rc7 33. Rf1
fxg4 34. hxg4 Kf7 35. Rb1 Re8 36. Ke3 Rec8 37. c4 Ke7 38. Rbd1 Rf8 39. Rd5 Ke6
40. Rd6+ Ke7 41. R6d5 Kf6 42. Rd6+ Kg5 43. Rh1 g6 44. Rd5 Kf6 45. Rd6+ Kg7 46.
Rd5 Rff7 47. Rc1 Rc5 48. Rxc5 bxc5 49. Rd1 h5 50. Rd5 h4 51. Rxe5 h3 52. Kf2 h2
53. Kg2 Rxf3 54. Kxh2 Rf2+ 55. Kg3 Rxa2 56. Rxc5 Kh6 57. Rb5 a6 58. Rd5 Rc2 59.
Rc5 Rc3+ 60. Kf4 g5+ 61. Ke4 a5 62. Rc6+ Kg7 63. c5 a4 64. Kd5 Rd3+ 65. Ke6 a3
66. Ra6 Re3+ 67. Kd7 Rd3+ 68. Ke6 Re3+ 69. Kd6 Rd3+ 70. Ke5 Re3+ 71. Kd4 Rg3
72. c6 Rxg4+ 73. Kd3 Rg3+ 74. Kc4 Rg1 75. Rxa3 Rc1+ 76. Rc3 Re1 77. Kd5 Re8 78.
c7 Rc8 79. Kd6 Kg6 80. Kd7 Ra8 81. c8=Q Rxc8 82. Rxc8 Kh5 83. Ke6 Kh4 84. Kf5
Kh5 85. Rh8#
1-0

[Event "Landsturneringen 2015"]
[Site "Oppsal arena, Oslo"]
[Date "2015.07.09"]
[Round "7"]
[White "Kjøita, Henning Jakhelln"]
[Black "Haug, Johannes"]
[Result "1-0"]
[WhiteElo "2052"]
[BlackElo "2179"]
[ECO "B12"]
[PlyCount "81"]
[EventDate "2015.??.??"]
[TimeControl "6000+680"]
[WhiteClock "0:07:15"]
[BlackClock "0:01:06"]

1. e4 c6 2. d4 d5 3. e5 c5 4. c3 Nc6 5. f4 cxd4 6. cxd4 Nh6 7. Nf3 Bg4 8. Bb5
Nf5 9. e6 Bxf3 10. Bxc6+ bxc6 11. exf7+ Kxf7 12. Qxf3 Nxd4 13. Qd3 c5 14. Be3
e6 15. Bxd4 cxd4 16. O-O Qb6 17. Nd2 Be7 18. Nf3 Bf6 19. g4 g6 20. Kh1 Rhe8 21.
Rf2 Rac8 22. Rg1 Qc5 23. f5 gxf5 24. gxf5 e5 25. Qa6 e4 26. Ng5+ Bxg5 27. Rxg5
d3 28. Rfg2 Qb6 29. Qa4 Rc1+ 30. Rg1 Rxg1+ 31. Rxg1 Re7 32. Qd1 Qe3 33. Qh5+
Kf8 34. f6 Re6 35. Rg8+ Kxg8 36. Qg4+ Kf7 37. Qg7+ Ke8 38. f7+ Kd7 39. f8=Q+
Kc6 40. Qc3+ Kd7 41. Qcc8#
1-0

[Event "Landsturneringen 2015"]
[Site "Oppsal arena, Oslo"]
[Date "2015.07.10"]
[Round "8"]
[White "Kaasen, Tor Fredrik"]
[Black "Mihajlov, Sebastian"]
[Result "0-1"]
[WhiteElo "2010"]
[BlackElo "2246"]
[ECO "D11"]
[PlyCount "60"]
[EventDate "2015.??.??"]
[TimeControl "6000+865"]
[WhiteClock "0:25:12"]
[BlackClock "1:02:27"]

1. d4 d5 2. c4 c6 3. Nf3 Nf6 4. e3 Bg4 5. Be2 e6 6. Nbd2 Nbd7 7. O-O Bd6 8. b3
O-O 9. Bb2 Re8 10. Ne5 Bf5 11. f4 h6 12. Qe1 Bh7 13. g4 Bb4 14. a3 Bxd2 15.
Qxd2 Ne4 16. Qe1 Nxe5 17. fxe5 Qg5 18. Rf4 f6 19. h4 Qg6 20. Bd3 fxe5 21. Bxe4
dxe4 22. dxe5 Rf8 23. Qg3 Rxf4 24. exf4 Rd8 25. h5 Qf7 26. Re1 Rd3 27. Re3 Qd7
28. Bc1 Qd4 29. Kh2 Rd1 30. Re1 Rxc1
0-1

[Event "Landsturneringen 2015"]
[Site "Oppsal arena, Oslo"]
[Date "2015.07.06"]
[Round "3"]
[White "Machlik, Monika"]
[Black "Kjøita, Torgeir Jakhelln"]
[Result "1/2-1/2"]
[WhiteElo "2042"]
[BlackElo "2000"]
[PlyCount "158"]
[EventDate "2015.??.??"]
[TimeControl "6000+780"]

1. d4 Nf6 2. c4 c5 3. d5 e6 4. Nc3 exd5 5. cxd5 d6 6. e4 g6 7. f4 Qe7 8. Nf3
Bg4 9. Bb5+ Nbd7 10. O-O O-O-O 11. Qa4 Kb8 12. e5 Ne8 13. exd6 Nxd6 14. Re1 Qf6
15. Ne5 Nb6 16. Qa5 h5 17. Be3 Bh6 18. Rf1 Ndc8 19. Ne4 Qf5 20. Ng3 Qf6 21. Ne4
Qf5 22. Nxc5 Rxd5 23. Bd3 Qf6 24. Rae1 Bf5 25. Qc3 Bg7 26. Be2 Bg4 27. Bd3 Bf5
28. Bf2 Bg4 29. Bc4 Nxc4 30. Qxc4 Rhd8 31. Qb4 Nb6 32. Ne4 Qe6 33. Ng5 Qd6 34.
Qxd6+ R8xd6 35. Ngxf7 Rf6 36. h3 Bc8 37. Rd1 Rf5 38. Nd6 Rf6 39. Ne4 Re6 40.
Ng5 Re7 41. Ngf3 Ra5 42. Bxb6 axb6 43. a3 g5 44. Nxg5 Bxe5 45. fxe5 Raxe5 46.
Nf3 Rb5 47. Rd2 Rg7 48. Kh2 Bd7 49. Re1 Rf5 50. Re5 Rxe5 51. Nxe5 Bc6 52. Rf2
Bd5 53. Rd2 Bc6 54. g4 Kc7 55. Kg3 b5 56. Rf2 Bd5 57. Kh4 Kd6 58. Nd3 Bc4 59.
Nf4 hxg4 60. hxg4 Ke5 61. Nh5 Rh7 62. Kg5 Rh8 63. Nf6 Kd4 64. Kg6 Ke3 65. Rg2
Kf3 66. Rd2 Ke3 67. Rd7 Rh2 68. Rxb7 Rxb2 69. g5 Ra2 70. Ra7 Kf4 71. Nh5+ Kg4
72. Nf6+ Kf4 73. Ra5 Rg2 74. Nh5+ Kg4 75. Nf6+ Kh4 76. Nh7 Bd3+ 77. Kg7 Bxh7
78. Kxh7 Rxg5 79. Kh6 Rg3
1/2-1/2